 Dungeon Crawl Stone Soup version 0.22.1-1-ga44c0e56f4 (webtiles) character file.

0 Gargoyl the Skirmisher (level 1, 0/19 HPs)
             Began as a Centaur Abyssal Knight on Nov 5, 2018.
             Was a Follower of Lugonu.
             Slain by a raiju (1 damage)
             ... on level 5 of the Abyss.
             The game lasted 00:00:42 (215 turns).

Gargoyl the Skirmisher (Centaur Abyssal Knight)      Turns: 215, Time: 00:00:43

Health: 0/19       AC:  4    Str: 14    XL:     1   Next: 0%
Magic:  2/2        EV:  9    Int: 11    God:    Lugonu [*.....]
Gold:   114        SH:  0    Dex:  8    Spells: 0/0 levels left

rFire    . . .     SeeInvis .   a - +1 hand axe
rCold    . . .     Gourm    .   (no shield)
rNeg     . . .     Faith    .   b - +0 leather armour
rPois    .         Spirit   .   (no helmet)
rElec    .         Reflect  .   (no cloak)
rCorr    .         Harm     .   (no gloves)
MR       .....                  (no barding)
Stlth    ..........             (no amulet)
HPRegen  0.06/turn              (no ring)
MPRegen  0.08/turn              (no ring)

@: confused, very quick
A: large, hooves 3, deformed body, speed 2, tough skin 3
a: Depart the Abyss, Renounce Religion


You were on level 5 of the Abyss.
You worshipped Lugonu.
Lugonu was aware of your devotion.
You were not hungry.

You visited 0 branches of the dungeon, and saw 0 of its levels.
You visited the Abyss 1 time.

You collected 114 gold pieces.

Inventory:

Hand Weapons
 a - a +1 hand axe (weapon)
Armour
 b - a +0 leather armour (worn)
Comestibles
 c - 2 rations


   Skills:
 + Level 3.0 Fighting
 + Level 1.7 Axes
 + Level 1.3 Armour
 + Level 0.6 Dodging
 + Level 2.0 Invocations


You couldn't memorise any spells.
You didn't know any spells.
Your spell library was empty.

Dungeon Overview and Level Annotations

Branches:
Dungeon (0/15)

Altars:


Innate Abilities, Weirdness & Mutations

You have hooves in place of feet.
Armour fits poorly on your strangely shaped body.
You cover ground very quickly.
You have extremely tough skin. (AC +3)


Message History

You hear a bark!
Found 40 gold pieces.
You bump into the stone wall.
The golden eye blinks at you.
You are more confused.
Unknown command.
The thrashing horror roars!
You hear a roar!
Found a scroll labeled VAMEWNEHAR and 16 gold pieces.
Found 16 stones.
Unknown command.
You bump into the stone wall.
The golden eye blinks at you.
You are more confused.
Unknown command.
The golden eye turns its gaze towards you.
A raiju comes into view.
The large abomination barely misses you.
Unknown command.
The raiju bites you.
You die...

. .....#.....#... ..
..............
.................
.....................
.. . #$....#..... # ##.
. ##...###...###..# .
#.....#.....#.GX......#
... .
.........G..####... ...
........h@.#### ....
...........##### ..
.#.....#..######## ##.
. ##...###.#####2..
..#.....#.... #....
#tu(? .. ........X..
h.. ##.)$$ ..
..............### #..#
........... .....# # #
... #'' # . . #..###


You could see a white ugly thing, an eye of devastation, an apocalypse crab, a
large abomination, 2 raiju and a golden eye.

Vanquished Creatures (others)
  2 starspawn tentacles (Abyss:5)
2 creatures vanquished.

Notes
Turn   | Place    | Note
-------+----------+-------------------------------------------
     0 | Abyss:1  | Gargoyl the Centaur Abyssal Knight began the quest for the
                  | Orb.
     0 | Abyss:1  | Reached XP level 1. HP: 19/19 MP: 2/2
    14 | Abyss:1  | Found a corrupted altar of Lugonu.
    35 | Abyss:1  | Noticed a spatial maelstrom
    35 | Abyss:1  | Noticed a spatial vortex
    35 | Abyss:1  | Noticed a spatial vortex
    38 | Abyss:1  | Noticed a spatial vortex
    41 | Abyss:1  | Noticed a spatial vortex
    83 | Abyss:2  | Found a corrupted altar of Lugonu.
    97 | Abyss:3  | Found a corrupted altar of Lugonu.
   143 | Abyss:4  | Noticed a small abomination
   150 | Abyss:5  | Entered Level 5 of the Abyss
   150 | Abyss:5  | Found a corrupted altar of Lugonu.
   175 | Abyss:5  | Noticed a tentacled starspawn
   188 | Abyss:5  | Noticed a golden eye
   188 | Abyss:5  | Noticed a golden eye
   188 | Abyss:5  | Noticed a golden eye
   189 | Abyss:5  | Noticed a large abomination
   190 | Abyss:5  | Noticed a golden eye
   199 | Abyss:5  | Noticed an eye of devastation
   202 | Abyss:5  | Noticed an apocalypse crab
   202 | Abyss:5  | Noticed a green death
   203 | Abyss:5  | Noticed a white ugly thing
   205 | Abyss:5  | Noticed a thrashing horror
   208 | Abyss:5  | Noticed a raiju
   209 | Abyss:5  | Noticed a thrashing horror
   214 | Abyss:5  | Noticed a raiju
   215 | Abyss:5  | Slain by a raiju

Action                   || total
-------------------------++-------
Melee: Hand axe          ||     1
       Kick              ||     1
Dodge: Dodged            ||     2
